[Event "Guimaraes Open 2019"]
[Site "Guimaraes"]
[Date "2019.08.31"]
[Round "5.33"]
[White "Torrijos Garcia, Borja"]
[Black "Mendes, Bruno Daniel Durães "]
[Result "1-0"]
[ECO "A14"]
[WhiteElo "2153"]
[BlackElo "1442"]
[Annotator "NA"]
[PlyCount "87"]
[EventDate "2019.08.28"]
[EventType "swiss"]
[EventCountry "POR"]
[SourceTitle "playchess.com"]
[Source "ChessBase"]
[SourceQuality "1"]
[TimeControl "5400+30"]

1. c4 e6 2. g3 Nf6 3. Bg2 d5 4. Nf3 Be7 5. O-O O-O 6. b3 b6 7. Bb2 Bb7 8. Qc2 h6 9. d4 Nbd7 10. Nc3 c6 11. e4 dxe4 12. Nxe4 Qc7 13. Nc3 Rfe8 14. Rfe1 Bf8 15. Re2 a6 16. Rae1 Rac8 17. h3 Qb8 18. Nd2 Qa8 19. Qd3 Rcd8 20. a4 Bb4 21. Na2 Bxd2 22. Qxd2 c5 23. Bxb7 Qxb7 24. Qf4 Qb8 25. Qe3 Rc8 26. Nc1 Red8 27. Nd3 Ne8 28. Nf4 Ndf6 29. Rd2 Rd7 30. Red1 Rcd8 31. Rd3 Qc7 32. d5 exd5 33. Nxd5 Nxd5 34. Rxd5 Rxd5 35. Rxd5 Nd6 36. Be5 f6 37. Bf4 Kf7 38. Qd3 Ke7 39. Qg6 Kf8 40. Qd3 Ke7 41. a5 bxa5 42. Qh7 Kf8 43. Bxh6 gxh6 44. Qxc7 1-0

[Event "Guimaraes Open 2019"]
[Site "Guimaraes"]
[Date "2019.08.31"]
[Round "5.34"]
[White "Ribeiro, Orlando Camilo Duart"]
[Black "Fidalgo, Daniel Neves"]
[Result "0-1"]
[ECO "C11"]
[WhiteElo "1621"]
[BlackElo "2089"]
[Annotator "NA"]
[PlyCount "61"]
[EventDate "2019.08.28"]
[EventType "swiss"]
[EventCountry "POR"]
[SourceTitle "playchess.com"]
[Source "ChessBase"]
[SourceQuality "1"]
[TimeControl "5400+30"]

1. e4 e6 2. d4 d5 3. Nc3 Nf6 4. e5 Nfd7 5. f4 c5 6. Nf3 Nc6 7. Be3 a6 8. Qd2 cxd4 9. Nxd4 Nxd4 10. Bxd4 Bc5 11. O-O-O O-O 12. Qf2 Qc7 13. Bd3 Bxd4 14. Qxd4 b5 15. Rhf1 Rb8 16. Rf3 Qc5 17. Rh3 g6 18. Ne2 a5 19. Qxc5 Nxc5 20. Nd4 Bd7 21. c3 Rfc8 22. Bc2 b4 23. Re1 a4 24. Ne2 Bb5 25. Ng1 Bc4 26. Kb1 b3 27. axb3 axb3 28. Bd1 Ra8 29. Be2 Ra7 30. Kc1 Ra1+ 31. Kd2 0-1

[Event "Guimaraes Open 2019"]
[Site "Guimaraes"]
[Date "2019.08.31"]
[Round "5.35"]
[White "Korning, Peter"]
[Black "Soares, Sara Joana De Moura "]
[Result "0-1"]
[ECO "A05"]
[WhiteElo "1972"]
[BlackElo "1597"]
[Annotator "NA"]
[PlyCount "90"]
[EventDate "2019.08.28"]
[EventType "swiss"]
[EventCountry "POR"]
[SourceTitle "playchess.com"]
[Source "ChessBase"]
[SourceQuality "1"]
[TimeControl "5400+30"]

1. Nf3 Nf6 2. g3 e6 3. Bg2 d5 4. O-O Be7 5. d3 O-O 6. Nbd2 b6 7. e4 dxe4 8. Ng5 Bb7 9. Ndxe4 Nxe4 10. Nxe4 Kh8 11. Qh5 Nc6 12. Ng5 Bxg5 13. Bxg5 f6 14. Be4 g6 15. Bxg6 Qd7 16. Bd2 Ne5 17. Be4 Bxe4 18. dxe4 Qxd2 19. Rad1 Qg5 20. Qe2 Qg7 21. f4 Ng6 22. Kh1 Rfd8 23. Rd3 Qe7 24. Rfd1 Rd6 25. h4 Rad8 26. h5 Rxd3 27. cxd3 Nf8 28. g4 e5 29. f5 Rd4 30. Rg1 Qd8 31. Rg3 Nd7 32. b4 Rxb4 33. g5 fxg5 34. h6 Nc5 35. Qh5 Rb1+ 36. Kh2 Rb2+ 37. Kh1 Qf8 38. Rxg5 Nxd3 39. Rg7 Nf2+ 40. Kg2 Nxe4+ 41. Kf3 Nf6 42. Qg5 e4+ 43. Ke3 Qa3+ 44. Kf4 Rf2+ 45. Ke5 Qd6# {[%emt 0:00:02] Kd4} 0-1

[Event "Guimaraes Open 2019"]
[Site "Guimaraes"]
[Date "2019.08.31"]
[Round "5.36"]
[White "Fonseca, Pedro Miguel Ramos D"]
[Black "Silva, Pedro Gil Ferreira D"]
[Result "0-1"]
[ECO "B10"]
[WhiteElo "1586"]
[BlackElo "1960"]
[Annotator "NA"]
[PlyCount "112"]
[EventDate "2019.08.28"]
[EventType "swiss"]
[EventCountry "POR"]
[SourceTitle "playchess.com"]
[Source "ChessBase"]
[SourceQuality "1"]
[TimeControl "5400+30"]

1. e4 c6 2. Nc3 d5 3. Nf3 dxe4 4. Nxe4 Nf6 5. Qe2 Nxe4 6. Qxe4 Nd7 7. Bc4 e6 8. d4 Nf6 9. Qe2 Bd6 10. O-O h6 11. Bd2 O-O 12. a3 b6 13. Bb4 Bb7 14. Rad1 Bxb4 15. axb4 Qc8 16. Ra1 c5 17. bxc5 bxc5 18. dxc5 Qxc5 19. Bd3 Rfd8 20. Nd2 Rd4 21. Nb3 Qd5 22. f3 Rb4 23. Ra5 Qc6 24. Ra3 a5 25. Kh1 a4 26. Nd2 Rxb2 27. Nc4 Rb4 28. c3 Rb3 29. Rxb3 axb3 30. Qb2 Ba6 31. Qxb3 Bxc4 32. Qxc4 Qxc4 33. Bxc4 Rc8 34. Ba2 Rxc3 35. Kg1 g6 36. Rf2 Nd7 37. Rd2 Nc5 38. Kf2 Kg7 39. Bb1 Rb3 40. Bc2 Rb2 41. Ke3 Ra2 42. Bd1 Ra3+ 43. Kf2 g5 44. Be2 Rc3 45. Ra2 Kf6 46. Rb2 Ke5 47. Rb4 Rc2 48. Rb5 f5 49. g3 Kd5 50. Rb8 Ke5 51. Rb5 Kf6 52. f4 Na4 53. fxg5+ hxg5 54. Rb3 Nc3 55. Ke3 Nxe2 56. Kd3 Ke5 {Kd4+} 0-1

[Event "Guimaraes Open 2019"]
[Site "Guimaraes"]
[Date "2019.08.31"]
[Round "6.1"]
[White "Martinez Duany, Lelys Stanley"]
[Black "Grigoryan, Karen H."]
[Result "1/2-1/2"]
[ECO "A35"]
[WhiteElo "2526"]
[BlackElo "2562"]
[Annotator "ChessBase"]
[PlyCount "52"]
[EventDate "2019.08.28"]
[EventType "swiss"]
[EventCountry "POR"]
[SourceTitle "playchess.com"]
[Source "ChessBase"]
[SourceQuality "1"]
[TimeControl "5400+30"]

1. Nf3 Nf6 2. c4 c5 3. Nc3 Nc6 4. g3 d5 5. cxd5 Nxd5 6. Bg2 g6 7. d3 Bg7 8. Bd2 O-O 9. O-O e6 10. Qc1 b6 11. Bh6 Bb7 12. Bxg7 Kxg7 13. a3 Nd4 14. Nxd4 cxd4 15. Nxd5 Bxd5 16. Bxd5 Qxd5 17. Qd2 Rfc8 18. Rfc1 a5 19. Rxc8 Rxc8 20. Rc1 Rxc1+ 21. Qxc1 Qb3 22. Kg2 Qd5+ 23. Kg1 Qb3 24. Kg2 Qd5+ 25. Kg1 Qb3 26. Kg2 Qd5+ 1/2-1/2

[Event "Guimaraes Open 2019"]
[Site "Guimaraes"]
[Date "2019.09.01"]
[Round "6.29"]
[White "Gama, Joao Goncalo Cerejei"]
[Black "Rodrigues, Afonso"]
[Result "0-1"]
[ECO "C10"]
[WhiteElo "1642"]
[BlackElo "2134"]
[Annotator "RC"]
[PlyCount "146"]
[EventDate "2019.08.28"]
[EventType "swiss"]
[EventCountry "POR"]
[SourceTitle "playchess.com"]
[Source "ChessBase"]
[SourceQuality "1"]
[TimeControl "5400+30"]

1. e4 e6 2. d4 d5 3. Nd2 dxe4 4. Nxe4 Bd7 5. Nf3 Bc6 6. Bd3 Nd7 7. c3 Be7 8. Bf4 Ngf6 9. Nxf6+ Bxf6 10. O-O Bxf3 11. Qxf3 c6 12. Rfe1 O-O 13. Rad1 Qb6 14. Qe2 Rfd8 15. Qc2 Nf8 16. Bg3 Rac8 17. b4 a5 18. a3 axb4 19. axb4 Ra8 20. Ra1 Ra7 21. Qb2 Rda8 22. Bd6 Nd7 23. h3 g6 24. Bc4 Qd8 25. Bb3 Ra6 26. Rxa6 Rxa6 27. Ra1 Rxa1+ 28. Qxa1 Nb6 29. Qa5 Nd5 30. Qxd8+ Bxd8 31. c4 Nc3 32. Kf1 Ne4 33. Bf4 Bf6 34. f3 Nc3 35. Be3 Be7 36. Bd2 Bxb4 37. Bxc3 Bxc3 38. d5 cxd5 39. cxd5 e5 40. Bc4 Bb4 41. Ke2 Kf8 42. g4 Ke7 43. Kd3 Kd6 44. Ke4 Bd2 45. Bb3 b5 46. Ba2 f6 47. Kd3 Ba5 48. Bb3 Kc5 49. Ke4 Bc7 50. Kd3 Kb4 51. Bd1 Bd6 52. Bc2 Ka3 53. Bb1 Kb2 54. Bc2 Bc5 55. Bd1 Bd6 56. Kd2 b4 57. Kd3 h5 58. Kc4 hxg4 59. hxg4 Kc1 60. Ba4 Kd2 61. Bb3 Ke2 62. Bc2 Kxf3 63. Bxg6 Kxg4 64. Bc2 f5 65. Bd1+ Kg3 66. Kd3 Kf2 67. Kd2 e4 68. Bh5 f4 69. Kd1 f3 70. Be8 e3 71. Bb5 e2+ 72. Bxe2 fxe2+ 73. Kc2 e1=Q 0-1

[Event "Guimaraes Open 2019"]
[Site "Guimaraes"]
[Date "2019.08.31"]
[Round "6.32"]
[White "Fidalgo, Daniel Neves"]
[Black "Basilio, Rodrigo"]
[Result "1/2-1/2"]
[ECO "A15"]
[WhiteElo "2089"]
[BlackElo "1782"]
[Annotator "NA RC"]
[PlyCount "70"]
[EventDate "2019.08.28"]
[EventType "swiss"]
[EventCountry "POR"]
[SourceTitle "playchess.com"]
[Source "ChessBase"]
[SourceQuality "1"]
[TimeControl "5400+30"]

1. c4 Nf6 2. g3 g6 3. Bg2 Bg7 4. Nc3 O-O 5. e4 d6 6. Nge2 e5 7. O-O Be6 8. d3 c6 9. h3 Nfd7 10. Be3 a5 11. b3 Qc7 12. d4 exd4 13. Nxd4 Nc5 14. Qd2 Nba6 15. Rad1 Rad8 16. f4 f5 17. Rfe1 Bc8 18. exf5 gxf5 19. Qc2 a4 20. Qb1 axb3 21. axb3 Qa5 22. Na2 Nb4 23. Nxb4 Qxb4 24. Bf2 Bxd4 25. Rxd4 Qxb3 26. Rxd6 Rxd6 27. Bxc5 Qxc4 28. Qb6 Re6 29. Rxe6 Qxe6 30. Bxf8 Kxf8 31. Qd8+ Kg7 32. Qg5+ Kf7 33. Bf3 Qe1+ 34. Kg2 Qd2+ 35. Kg1 Qe1+ $11 (35... Qd6 $17 36. Qh5+ Kg7) 1/2-1/2

[Event "Guimaraes Open 2019"]
[Site "Guimaraes"]
[Date "2019.08.31"]
[Round "6.33"]
[White "Sanleon Pravisano, Nieves"]
[Black "Silva, Daniel Frederico V"]
[Result "1/2-1/2"]
[ECO "D51"]
[WhiteElo "1995"]
[BlackElo "1655"]
[Annotator "NA RC"]
[PlyCount "69"]
[EventDate "2019.08.28"]
[EventType "swiss"]
[EventCountry "POR"]
[SourceTitle "playchess.com"]
[Source "ChessBase"]
[SourceQuality "1"]
[TimeControl "5400+30"]

1. d4 d5 2. c4 e6 3. Nc3 Nf6 4. Bg5 Nbd7 5. Nf3 Be7 6. e3 c6 7. Bd3 h6 8. Bh4 O-O 9. O-O b6 10. Bg3 {[%emt 0:05:33] D60: Queen's Gambit Declined: Classical: Unusual White 7th moves} (10. Qe2 Bb7 11. Rad1 Re8 12. Rfe1 a6 13. Ne5 c5 14. Nxd7 Nxd7 15. Bxe7 Qxe7 16. cxd5 exd5 17. Bf5 Nf6 {1-0 (72) Morozevich,A (2763)-Kovalenko,I (2587) Jurmala 2012}) 10... Bb7 11. Ne5 $146 ({Predecessor:} 11. Qe2 dxc4 12. Bxc4 b5 13. Bd3 b4 14. Na4 Qa5 15. b3 c5 16. Rac1 Rac8 17. dxc5 Nxc5 18. Nxc5 Rxc5 {½-½ (58) Gupta,A (2551)-Levin,F (2564) Benasque 2008}) 11... Nxe5 12. dxe5 Nd7 13. cxd5 exd5 14. f4 Nc5 15. Bb1 Ba6 16. Rf2 f5 17. exf6 Rxf6 18. b4 Nb7 19. b5 Bxb5 20. Nxb5 cxb5 21. Qd3 Re6 22. h4 Nc5 23. Qh7+ Kf8 24. Bg6 Bf6 25. Rd1 $11 Ne4 26. Bxe4 Rxe4 27. Rfd2 Rxe3 28. Rxd5 Qe8 29. Bf2 Re7 30. g4 Rc8 31. g5 g6 32. Qxh6+ Bg7 33. Qh7 Bc3 34. Qh6+ Kg8 35. h5 {Kf8} 1/2-1/2

[Event "Guimaraes Open 2019"]
[Site "Guimaraes"]
[Date "2019.08.31"]
[Round "6.34"]
[White "Soares, Sara Joana De Moura "]
[Black "Pinheiro, Albano"]
[Result "0-1"]
[ECO "A52"]
[WhiteElo "1597"]
[BlackElo "1989"]
[Annotator "NA RC"]
[PlyCount "64"]
[EventDate "2019.08.28"]
[EventType "swiss"]
[EventCountry "POR"]
[SourceTitle "playchess.com"]
[Source "ChessBase"]
[SourceQuality "1"]
[TimeControl "5400+30"]

1. d4 Nf6 2. c4 e5 3. dxe5 Ng4 4. Nc3 Nxe5 5. b3 Bc5 (5... Bb4 6. Bb2 O-O 7. g3 a5 8. a3 Bxc3+ 9. Bxc3 d6 10. Bg2 Nbc6 11. Nf3 a4 12. Nxe5 dxe5 {½-½ (28) Nikolov,M (2567)-Kotronias,V (2482) Zagreb 2018}) 6. Bb2 {[%emt 0:05:38] A52: Budapest Gambit} O-O 7. g3 Re8 $146 ({Predecessor:} 7... Nbc6 8. Bg2 d6 9. Nf3 Nxf3+ 10. Bxf3 Bh3 11. Nd5 Ne5 12. Be4 {0-1 (42) Kovar,P-Prazak,J Svetla nad Sazavou 1997}) 8. Bg2 Bxf2+ 9. Kxf2 Ng4+ 10. Ke1 Ne3 11. Qd2 Nxg2+ 12. Kf2 Ne3 13. Nf3 Ng4+ 14. Kg2 Nc6 15. Nd5 d6 16. Rhe1 Nge5 17. Nxe5 Nxe5 18. e4 Bg4 19. Rf1 Qd7 20. Rf2 Rac8 21. Qg5 Kh8 $17 22. Ne3 f6 23. Qh4 Be6 24. Nf5 Bxf5 25. Rxf5 Ng6 26. Qh5 Rxe4 27. Bxf6 gxf6 28. Rxf6 Re6 29. Raf1 Rxf6 30. Rxf6 Kg7 31. Qf3 Qc6 32. Rf7+ Kg8 0-1

[Event "Guimaraes Open 2019"]
[Site "Guimaraes"]
[Date "2019.08.31"]
[Round "6.35"]
[White "Pina, Tiago"]
[Black "Gonzalez Eiris, Daniel"]
[Result "0-1"]
[ECO "B90"]
[WhiteElo "1548"]
[BlackElo "1977"]
[Annotator "NA RC"]
[PlyCount "60"]
[EventDate "2019.08.28"]
[EventType "swiss"]
[EventCountry "POR"]
[SourceTitle "playchess.com"]
[Source "ChessBase"]
[SourceQuality "1"]
[TimeControl "5400+30"]

1. e4 c5 2. Nf3 d6 3. d4 cxd4 4. Nxd4 Nf6 5. Nc3 a6 6. Bd3 e5 7. Nf5 Bxf5 8. exf5 d5 9. Bg5 Be7 10. Bxf6 Bxf6 11. Be2 d4 12. Ne4 O-O 13. Nxf6+ Qxf6 14. Bd3 Nd7 15. O-O Rfe8 16. Re1 Nc5 17. f3 g6 18. fxg6 hxg6 19. b3 Kg7 20. c4 Rh8 21. Qe2 Rae8 22. Be4 Ne6 23. g3 Ng5 24. Kg2 Qe6 25. Bxb7 d3 26. Qf2 Rxh2+ 27. Kxh2 Rh8+ 28. Kg1 Nh3+ 29. Kg2 Nxf2 30. Kxf2 Rh2+ 0-1

[Event "Guimaraes Open 2019"]
[Site "Guimaraes"]
[Date "2019.08.31"]
[Round "6.36"]
[White "Silva, Pedro Gil Ferreira D"]
[Black "Sarabando, Rodrigo Andias"]
[Result "1-0"]
[ECO "B01"]
[WhiteElo "1960"]
[BlackElo "1428"]
[Annotator "NA RC"]
[PlyCount "120"]
[EventDate "2019.08.28"]
[EventType "swiss"]
[EventCountry "POR"]
[SourceTitle "playchess.com"]
[Source "ChessBase"]
[SourceQuality "1"]
[TimeControl "5400+30"]

1. e4 d5 2. exd5 Qxd5 3. Nc3 Qa5 4. Nf3 Nf6 5. g3 c6 6. Bg2 Bg4 7. d3 e6 8. O-O Bd6 9. Bd2 Qc7 10. h3 Bh5 11. Rb1 a5 12. Ne2 Nd5 13. a3 Bxf3 14. Bxf3 Nd7 15. Bg2 O-O 16. c4 N5f6 17. Nc3 e5 18. b4 Rfe8 19. Be3 Bf8 20. Qb3 Rab8 21. Rfd1 axb4 22. axb4 b6 23. Ra1 Rb7 24. b5 c5 25. Bxb7 Qxb7 26. Qc2 g6 27. Ra2 Ra8 28. Rda1 Rxa2 29. Qxa2 h5 30. Qa8 Qxa8 31. Rxa8 Kg7 32. Ne4 Nxe4 33. dxe4 Kf6 34. Ra7 Ke6 35. f4 Bd6 36. f5+ Ke7 37. Bg5+ Ke8 38. g4 gxf5 39. gxf5 f6 40. Bh6 Bb8 41. Ra6 Bd6 42. Kg2 Bf8 43. Ra8+ Ke7 44. Bxf8+ Nxf8 45. Rb8 Nd7 46. Rb7 Kd8 47. Kg3 Kc8 48. Rxd7 Kxd7 49. Kh4 Ke8 50. Kxh5 Kf8 51. Kg6 Ke7 52. Kg7 Kd7 53. h4 Ke7 54. h5 Kd7 55. h6 Ke7 56. h7 Kd7 57. h8=Q Ke7 58. Qf8+ Kd7 59. Kxf6 Kc7 60. Qe7+ Kb8 1-0

[Event "Guimaraes Open 2019"]
[Site "Guimaraes"]
[Date "2019.09.01"]
[Round "7.1"]
[White "Grigoryan, Karen H."]
[Black "Lizak, Peter"]
[Result "1/2-1/2"]
[ECO "E10"]
[WhiteElo "2562"]
[BlackElo "2448"]
[Annotator "ChessBase"]
[PlyCount "120"]
[EventDate "2019.08.28"]
[EventType "swiss"]
[EventCountry "POR"]
[SourceTitle "playchess.com"]
[Source "ChessBase"]
[SourceQuality "1"]
[TimeControl "5400+30"]

1. Nf3 Nf6 2. d4 e6 3. c4 a6 4. Nc3 d5 5. cxd5 exd5 6. Qb3 c6 7. Bg5 Nbd7 8. e4 Qb6 9. e5 Qxb3 10. axb3 Ne4 11. Nxe4 dxe4 12. Nd2 f6 13. exf6 Nxf6 14. O-O-O Bf5 15. Nc4 b5 16. Ne5 Be6 17. Kc2 Nd5 18. Be2 Bd6 19. f3 h6 20. Bd2 e3 21. Ba5 Nf4 22. Bd3 O-O 23. Be4 Nxg2 24. Nxc6 Rae8 25. Bb4 Bxb4 26. Nxb4 e2 27. Rde1 Nxe1+ 28. Rxe1 Rc8+ 29. Nc6 Rfd8 30. Kd3 Rd7 31. b4 Kf8 32. Ne5 Bc4+ 33. Ke3 Rd6 34. h4 Rcd8 35. Nxc4 bxc4 36. d5 Rxd5 37. Bxd5 Rxd5 38. Rxe2 Rd3+ 39. Ke4 Rb3 40. Kd4 Rxb4 41. h5 Kf7 42. Kc3 Rb3+ 43. Kxc4 Rxf3 44. b4 Rf4+ 45. Kb3 Rf5 46. Rh2 g6 47. Ra2 Rf6 48. hxg6+ Kxg6 49. Kc4 h5 50. Kd4 h4 51. Ke5 h3 52. Rh2 Rf5+ 53. Ke4 Rh5 54. Kf4 Kf6 55. Kg4 Rb5 56. Ra2 Rxb4+ 57. Kxh3 Rb6 58. Ra5 Ke7 59. Kg4 Rf6 60. Kg5 Rb6 1/2-1/2

[Event "Guimaraes Open 2019"]
[Site "Guimaraes"]
[Date "2019.09.01"]
[Round "7.2"]
[White "Martin Duque, Jesus"]
[Black "Schou, Bjorn A"]
[Result "1-0"]
[ECO "B49"]
[WhiteElo "2353"]
[BlackElo "1257"]
[Annotator "NA"]
[PlyCount "137"]
[EventDate "2019.08.28"]
[EventType "swiss"]
[EventCountry "POR"]
[SourceTitle "playchess.com"]
[Source "ChessBase"]
[SourceQuality "1"]
[TimeControl "5400+30"]

1. e4 c5 2. Nf3 e6 3. d4 cxd4 4. Nxd4 Nc6 5. Nc3 Qc7 6. Be2 a6 7. Be3 Nf6 8. O-O Bb4 9. Na4 Bd6 10. g3 Nxe4 {[%emt 0:08:17] B49: Sicilian: Taimanov: 5 Nc3 Qc7 6 Be3 a6 7 Be2} (10... b5 11. Nb6 Rb8 12. Nxc8 Rxc8 13. a4 Nxd4 14. Qxd4 Be5 15. Qb4 Bd6 16. Qd4 Be5 17. Qb4 Bd6 18. Qd4 {½-½ (18) Smeets,J (2619)-Mchedlishvili,M (2623) Germany 2012}) 11. Bf3 f5 12. Nxc6 Qxc6 13. Nb6 Rb8 14. Bxe4 fxe4 15. Qd4 $146 ({Predecessor:} 15. Qh5+ g6 16. Qh6 Be5 17. Bf4 Bxf4 18. Qxf4 Qxb6 19. Qxb8 {1-0 (56) Soumya,S (2336)-Tokhirjanova,H (2126) Sharjah 2014}) 15... e5 16. Qd2 O-O 17. Rfd1 Rf6 18. c4 Bc5 19. Qd5+ Qxd5 20. Nxd5 Rc6 21. Bxc5 Rxc5 22. Rac1 Kf7 23. Nb6 Ke7 24. b4 Rc6 25. c5 Ke8 26. Rd6 Ke7 27. Rcd1 a5 28. a3 axb4 29. axb4 Rxb6 30. Rxb6 Ra8 31. Re1 d5 32. cxd6+ Ke6 33. Rxe4 Ra1+ 34. Kg2 Kf5 $18 (34... Bd7 $142 35. b5 (35. Rxb7 Bc6 $18) 35... Ra2 36. Rxb7 Rb2 37. Rxe5+ Kxe5) 35. Re2 Bd7 36. f3 Rd1 37. Kf2 h5 38. Ke3 Ke6 39. Rd2 Re1+ 40. Kf2 Rh1 41. Kg2 Rb1 42. Rxb7 g5 43. Kf2 g4 44. fxg4 hxg4 45. Ke3 Re1+ 46. Kd3 e4+ 47. Kd4 e3 48. Rd3 e2 49. Ke3 Rh1 50. Kxe2 Rxh2+ 51. Ke3 Rc2 52. Kf4 Rc4+ 53. Kg5 Re4 54. Kh4 Re1 55. Kxg4 Re2 56. Rxd7 Kxd7 57. Rd4 Re8 58. Kf4 Rf8+ 59. Ke3 Rh8 60. g4 Rf8 61. Ke4 Rf1 62. g5 Rf2 63. b5 Rf1 64. b6 Re1+ 65. Kf5 Rf1+ 66. Kg6 Rg1 67. Rb4 Re1 68. b7 Re6+ 69. Kh5 1-0

[Event "Guimaraes Open 2019"]
[Site "Guimaraes"]
[Date "2019.09.01"]
[Round "7.4"]
[White "Sanchez Aller, Fernando"]
[Black "Veiga, Jose Francisco R P N"]
[Result "1/2-1/2"]
[ECO "C91"]
[WhiteElo "2331"]
[BlackElo "2346"]
[Annotator "ChessBase"]
[PlyCount "113"]
[EventDate "2019.08.28"]
[EventType "swiss"]
[EventCountry "POR"]
[SourceTitle "playchess.com"]
[Source "ChessBase"]
[SourceQuality "1"]
[TimeControl "5400+30"]

1. e4 e5 2. Nf3 Nc6 3. Bb5 a6 4. Ba4 Nf6 5. O-O Be7 6. Re1 b5 7. Bb3 d6 8. c3 O-O 9. d4 Bg4 10. h3 Bxf3 11. gxf3 Na5 12. Bc2 Nd7 13. f4 c5 14. dxe5 dxe5 15. Qg4 Nf6 16. Qf3 Nc6 17. f5 h6 18. Rd1 Qc7 19. Kh1 Kh8 20. Nd2 Nh7 21. Nf1 Rad8 22. Be3 Rxd1 23. Rxd1 Rd8 24. Re1 Qa5 25. Ra1 c4 26. b4 Qc7 27. Rd1 Bg5 28. Bc5 Be7 29. Qe3 Rxd1 30. Bxd1 Bxc5 31. Qxc5 Nf6 32. Bc2 Nd7 33. Qd5 Kg8 34. Ne3 Nb6 35. Qc5 Nc8 36. Nd5 Qd6 37. Qxd6 Nxd6 38. Kg2 a5 39. a3 axb4 40. axb4 Kf8 41. Kf3 Ne7 42. Nc7 Ng8 43. Ke3 Ke7 44. f4 f6 45. h4 Kf7 46. Bd1 Ne7 47. Bh5+ Kf8 48. fxe5 fxe5 49. Ne6+ Kg8 50. Nc5 Nc6 51. Nd7 Kh8 52. Bg6 Kg8 53. Kf3 Kh8 54. Nc5 Ne7 55. Nd7 Nc6 56. Nc5 Ne7 57. Nd7 1/2-1/2

[Event "Guimaraes Open 2019"]
[Site "Guimaraes"]
[Date "2019.09.01"]
[Round "7.5"]
[White "Galego, Luis"]
[Black "Lara Lopez, Sergio"]
[Result "1/2-1/2"]
[ECO "C01"]
[WhiteElo "2506"]
[BlackElo "2226"]
[Annotator "ChessBase"]
[PlyCount "60"]
[EventDate "2019.08.28"]
[EventType "swiss"]
[EventCountry "POR"]
[SourceTitle "playchess.com"]
[Source "ChessBase"]
[SourceQuality "1"]
[TimeControl "5400+30"]

1. e4 e6 2. d4 d5 3. exd5 exd5 4. Nf3 Bd6 5. h3 Bf5 6. Bd3 Ne7 7. c4 c6 8. O-O Bxd3 9. Qxd3 dxc4 10. Qxc4 O-O 11. Nc3 Nd7 12. Bg5 Nb6 13. Qb3 h6 14. Bxe7 Qxe7 15. a4 Rad8 16. Rfe1 Qd7 17. Kf1 Qf5 18. a5 Qd3+ 19. Kg1 Qc4 20. Qd1 Nd5 21. Nxd5 Qxd5 22. a6 b6 23. Qc2 Rfe8 24. Rxe8+ Rxe8 25. Rc1 Rc8 26. Qc4 Qxc4 27. Rxc4 c5 28. dxc5 Rxc5 29. Rxc5 Bxc5 30. Ne5 b5 1/2-1/2

[Event "Guimaraes Open 2019"]
[Site "Guimaraes"]
[Date "2019.09.01"]
[Round "7.7"]
[White "Garcia Romero, Benjamin Abel"]
[Black "Portela Peleteiro, Alberto"]
[Result "1/2-1/2"]
[ECO "A81"]
[WhiteElo "2164"]
[BlackElo "2375"]
[Annotator "NA"]
[PlyCount "60"]
[EventDate "2019.08.28"]
[EventType "swiss"]
[EventCountry "POR"]
[SourceTitle "playchess.com"]
[Source "ChessBase"]
[SourceQuality "1"]
[TimeControl "5400+30"]

1. d4 f5 2. g3 Nf6 3. Bg2 g6 4. Nf3 Bg7 5. O-O O-O 6. c4 d6 7. b3 e5 8. dxe5 dxe5 9. Ba3 Re8 10. Nc3 e4 11. Nd4 a6 12. Nc2 b6 13. Qxd8 Rxd8 14. Rad1 Nc6 15. f3 exf3 16. exf3 Bb7 17. f4 Rxd1 18. Rxd1 Rd8 19. Rxd8+ Nxd8 20. Be7 Bxg2 21. Bxd8 Ne8 22. Kxg2 Bxc3 23. Ne3 Bf6 24. Bxf6 Nxf6 25. Kf3 Kf7 26. Ke2 Ke6 27. Kd3 c5 28. Kc2 Kd6 29. Kd3 Ke6 30. Kc2 {[%emt 0:00:05] Ke5} Kd6 1/2-1/2

[Event "Guimaraes Open 2019"]
[Site "Guimaraes"]
[Date "2019.09.01"]
[Round "7.8"]
[White "Espineira Gonzalez, Diego"]
[Black "Prado Acebo, Ines"]
[Result "1-0"]
[ECO "C07"]
[WhiteElo "2362"]
[BlackElo "2142"]
[Annotator "NA"]
[PlyCount "71"]
[EventDate "2019.08.28"]
[EventType "swiss"]
[EventCountry "POR"]
[SourceTitle "playchess.com"]
[Source "ChessBase"]
[SourceQuality "1"]
[TimeControl "5400+30"]

1. e4 e6 2. d4 d5 3. Nd2 c5 4. exd5 Qxd5 5. Ngf3 cxd4 6. Bc4 Qd7 7. O-O Nc6 8. Nb3 Nf6 9. Nbxd4 Nxd4 10. Nxd4 a6 11. Bb3 Bc5 12. Be3 Qc7 13. Qe2 O-O 14. c3 e5 15. Nc2 Bg4 16. Qc4 Rac8 17. Qxc5 Qxc5 18. Bxc5 Rxc5 19. Ne3 Bd7 20. Rad1 Rfc8 21. Rd2 Kf8 22. Rfd1 Ke8 23. f3 a5 24. Nd5 Nxd5 25. Bxd5 Bc6 26. Bxc6+ R5xc6 27. Re2 f6 28. f4 Kf8 29. fxe5 Re8 30. Rd5 a4 31. Ra5 b5 32. a3 Rb6 33. e6 Ke7 34. Kf2 Kd6 35. Ra7 Re7 36. Rd2+ {[%emt 0:00:08] Kd5} 1-0

[Event "Guimaraes Open 2019"]
[Site "Guimaraes"]
[Date "2019.09.01"]
[Round "7.10"]
[White "Garcia Gimenez, Santiago"]
[Black "Nieves Cabanes, Jose Manuel"]
[Result "0-1"]
[ECO "C04"]
[WhiteElo "2161"]
[BlackElo "2311"]
[Annotator "NA"]
[PlyCount "144"]
[EventDate "2019.08.28"]
[EventType "swiss"]
[EventCountry "POR"]
[SourceTitle "playchess.com"]
[Source "ChessBase"]
[SourceQuality "1"]
[TimeControl "5400+30"]

1. e4 e6 2. d4 d5 3. Nd2 Nc6 4. Ngf3 Nf6 5. e5 Nd7 6. c3 f6 7. exf6 Qxf6 8. Bb5 Bd6 9. O-O O-O 10. Qe2 e5 {[%emt 0:01:54] C04: French Tarrasch: 3...Nc6} 11. dxe5 Ndxe5 12. Nxe5 Nxe5 13. h3 $146 ({Predecessor:} 13. f4 Ng4 14. Nf3 Bxf4 15. Bxf4 Qxf4 16. Rae1 c6 17. Bd3 Bd7 18. Qe7 {0-1 (36) Femiano,A (2163)-Naumkin,I (2498) Ischia 2000}) 13... c6 14. Bd3 Nxd3 15. Qxd3 Bf5 16. Qd4 Qxd4 17. cxd4 Rae8 18. Nb3 Re2 19. Bd2 b6 20. Rae1 Rxe1 21. Rxe1 c5 22. Bc3 c4 23. Nd2 a5 24. a3 Ra8 25. Nf1 Kf7 26. Ne3 Be6 27. a4 Rb8 28. Ra1 Ke7 29. Nc2 Bd7 30. Ne3 Be6 31. Nc2 g6 32. Na3 Kd7 33. Nb5 Be7 34. Re1 Bf6 35. Bd2 g5 36. f4 gxf4 37. Bxf4 Rg8 38. Kh2 Bf5 39. Bc7 Be4 40. Bg3 Bc2 41. Nc3 Bxd4 42. Nxd5 Rg5 43. Re7+ Kc6 44. Nc3 Kc5 45. Rd7 h5 46. Bh4 Bxc3 47. Bxg5 Be5+ 48. Kg1 Bxa4 49. Be3+ Kc6 50. Rh7 b5 51. Rxh5 Bxb2 52. Kf2 c3 53. Bd4 Kd6 54. Ke2 Bb3 55. Rf5 a4 56. Kd3 Bc4+ 57. Kc2 b4 58. Bc5+ Ke6 59. Bxb4 Bb3+ 60. Kd3 Kxf5 61. Bxc3 a3 62. g3 Kg5 63. Kd2 Kg6 64. Kd3 Kf5 65. Kd2 Ke4 66. g4 Kd5 67. g5 Kc4 68. Bf6 Kb4 69. Be7+ Kc4 70. Bf6 Kb5 71. Bc3 Ka4 72. g6 Be6 0-1

[Event "Guimaraes Open 2019"]
[Site "Guimaraes"]
[Date "2019.09.01"]
[Round "7.11"]
[White "Martins, Diogo Faria Oliveira"]
[Black "Forgas Moreno, Yaniela"]
[Result "0-1"]
[ECO "B94"]
[WhiteElo "1984"]
[BlackElo "2276"]
[Annotator "NA"]
[PlyCount "82"]
[EventDate "2019.08.28"]
[EventType "swiss"]
[EventCountry "POR"]
[SourceTitle "playchess.com"]
[Source "ChessBase"]
[SourceQuality "1"]
[TimeControl "5400+30"]

1. e4 c5 2. Nf3 d6 3. d4 Nf6 4. Nc3 cxd4 5. Nxd4 a6 6. Bg5 Nbd7 7. Qe2 h6 8. Bh4 Qa5 9. O-O-O e6 10. f4 Be7 11. Nb3 Qc7 12. Bg3 g6 13. f5 Ne5 14. Bxe5 dxe5 15. fxg6 fxg6 16. g3 b5 17. Bh3 Bd7 18. Rxd7 Qxd7 19. Nd5 Nxd5 20. exd5 Qxd5 21. Bg2 e4 22. Bxe4 Qg5+ 23. Kb1 Rd8 24. h4 Qxg3 25. Bc6+ Kf7 26. Rf1+ Bf6 27. h5 Rd6 28. Nc5 Ke7 29. Rxf6 Qg1+ 30. Rf1 Qxc5 31. hxg6 Rxc6 32. Rf7+ Ke8 33. Qd3 Rc7 34. a3 Rxf7 35. gxf7+ Kxf7 36. Qf3+ Qf5 37. Qb7+ Kf6 38. Qxa6 Qf1+ 39. Ka2 Qc4+ 40. Kb1 Rd8 41. b3 Rd1+ 0-1